 Dungeon Crawl Stone Soup version 0.24.0-29-g8ce449bc06 (webtiles) character file.

Game seed: 12519329905981563802, levelgen mode: deterministic

382 Flugslaktarn the Chopper (level 6, -4/56 HPs)
             Began as a Hill Orc Fighter on Nov 14, 2019.
             Slain by an ogre
             ... wielding a +0 giant spiked club
              (8 damage)
             ... on level 4 of the Dungeon.
             The game lasted 00:00:55 (1445 turns).

Flugslaktarn the Chopper (Hill Orc Fighter)         Turns: 1445, Time: 00:00:55

Health: -4/56      AC:  9    Str: 21    XL:     6   Next: 76%
Magic:  6/6        EV:  5    Int:  8    God:
Gold:   21         SH:  9    Dex: 10    Spells: 5/5 levels left

rFire    . . .     SeeInvis .   a - +0 war axe
rCold    . . .     Gourm    .   c - +0 shield
rNeg     . . .     Faith    .   h - +0 chain mail
rPois    .         Spirit   .   (no helmet)
rElec    .         Reflect  .   (no cloak)
rCorr    .         Harm     .   (no gloves)
MR       .....                  (no boots)
Stlth    ..........             (no amulet)
HPRegen  0.18/turn              (no ring)
MPRegen  0.10/turn              (no ring)

@: no status effects
A: no striking features
a: no special abilities


You were on level 4 of the Dungeon.
You were not hungry.

You visited 1 branch of the dungeon, and saw 4 of its levels.

You collected 21 gold pieces.

Inventory:

Hand Weapons
 a - a +0 war axe (weapon)
Armour
 c - a +0 shield (worn)
 h - a +0 chain mail (worn)
   (You took it off an orc on level 4 of the Dungeon)
Scrolls
 g - a scroll of fear {unknown}
Potions
 d - a potion of might
Comestibles
 e - 2 rations
 f - 9 chunks of flesh


   Skills:
 + Level 5.0 Fighting
 * Level 6.1 Axes
 + Level 4.6 Armour
 + Level 4.6 Shields


You had 5 spell levels left.
You didn't know any spells.
Your spell library was empty.

Dungeon Overview and Level Annotations

Branches:
Dungeon (4/15)
 Temple: D:4-7

Altars:


Message History

* * * LOW HITPOINT WARNING * * *
Unknown command.
You slash the gnoll!
You kill the gnoll!
Items here: )) [[ ÷÷ Unknown command.
You slash the ogre!
The ogre is moderately wounded.
You block the ogre's attack.
You hit the ogre.
The ogre is heavily wounded.
The ogre barely misses you.
You slash the ogre!
The ogre is almost dead.
The ogre hits you with a +0 giant spiked club.
* * * LOW HITPOINT WARNING * * *
You closely miss the ogre.
The ogre is almost dead.
The ogre hits you with a +0 giant spiked club!
You die...

#.# #.# #)########### #.#
#<...)......# #.#
#.#.........# #.#
#.#.........# #.#
#.#.........# ##### #.#
##.#.........#########...#
#.#
#.....(#######...........#
#.# #......# #@O...).....#
#(# #......# #÷....).....#
#.#
#......#######.#######...#
#.# #......##......# ##.##
#.# #....))##.###### #)#
#O# #...)..##.# #.# #.#
##.#)####.# #.# #.#
#.#.####.# #.#####.#
#.#..).[.# #....O..#


You could see an ogre.

Vanquished Creatures
  Duvessa (D:4)
  Dowan (D:4)
  A scorpion (D:4)
  3 orc wizards (D:4)
  A hound skeleton (D:4)
  3 gnolls (D:4)
  An adder (D:4)
  A worm (D:2)
  A dart slug (D:4)
  2 leopard geckos (D:2)
  9 orcs (D:4)
  2 bats (D:2)
  2 goblins
  2 hobgoblins
  4 jackals (D:2)
  A frilled lizard (D:2)
  2 kobolds (D:2)
  A rat (D:2)
38 creatures vanquished.

Notes
Turn   | Place    | Note
-------+----------+-------------------------------------------
     0 | D:1      | Flugslaktarn the Hill Orc Fighter began the quest for the
                  | Orb.
     0 | D:1      | Reached XP level 1. HP: 19/19 MP: 1/1
    38 | D:2      | Reached skill level 3 in Axes
    42 | D:2      | Reached XP level 2. HP: 16/27 MP: 2/2
   534 | D:3      | Reached XP level 3. HP: 33/33 MP: 3/3
   557 | D:4      | Noticed Duvessa
   788 | D:4      | Killed Duvessa
   788 | D:4      | Reached skill level 4 in Axes
   788 | D:4      | Reached XP level 4. HP: 34/41 MP: 4/4
   788 | D:4      | Reached XP level 5. HP: 39/47 MP: 5/5
   790 | D:4      | Noticed Dowan
   795 | D:4      | Killed Dowan
   795 | D:4      | Reached skill level 5 in Axes
   804 | D:4      | Reached XP level 6. HP: 28/53 MP: 6/6
  1286 | D:4      | Reached skill level 5 in Fighting
  1286 | D:4      | Reached skill level 6 in Axes
  1445 | D:4      | Slain by an ogre

Levels and vault maps discovered:
D:1:      dpeg_arrival_tiny_e, layout_loops_ring
D:2:      layout_loops_cross, minmay_hedge_maze
D:3:      layout_loops_ring, nicolae_overflow_quartered_altars,
          grunt_temple_overflow_diamond, serial_bayou, serial_bayou_pond_d,
          serial_bayou_lagoon_a, serial_bayou_pond_c, serial_bayou_pond_e,
          serial_bayou_pond_a, uniq_natasha, uniq_ijyb
D:4:      layout_basic, first_ration, uniq_duvessa, uniq_grinder

Skill      XL: |  1  2  3  4  5  6 |
---------------+-------------------+-----
Axes           | 3 4 5 6 |  6.1
Fighting       | 4 5 |  5.0
Armour         | 4 |  4.6
Shields        | 4 |  4.6

Action                   |  1- 3 |  4- 6 || total
-------------------------+-------+-------++-------
Melee: War axe           |    73 |    73 ||   146
  Eat: Chunk             |       |     2 ||     2
Armor: Scale mail        |    34 |     7 ||    41
       Chain mail        |       |    10 ||    10
Dodge: Dodged            |    39 |    15 ||    54
Block: Shield            |    43 |    35 ||    78
